MWL (24 & UNDER)
LEE'S SUMMIT TIGERS @ COLUMBIA 08S
07/11/2024
 
TOP OF THE 1ST
Lee's Summit Tigers batting - Pitching for Columbia 08s : RHP Brad White
Pitching: RHP Brad White
Batting: SHB Juan Glaviz 0-0: Ball
1-0: Foul Ball, location: 2F
1-1: Ball
2-1: Fly out, F8 (Flyball, 78M)
Batting: RHB Carlos Flores 0-0: Ball
1-0: Called Strike
1-1: Swinging Strike
1-2: Ball
2-2: Ball
3-2: Base on Balls
Batting: RHB Ed Watkins 0-0: Ball
1-0: Grounds into double play, 4-6-3 (Groundball, 4)
Top of the 1st over - 0 run(s), 0 hit(s), 0 error(s), 0 left on base; Lee's Summit 0 - Columbia 0
BOTTOM OF THE 1ST
Columbia 08s batting - Pitching for Lee's Summit Tigers : LHP Jesús Martínez
Pitching: LHP Jesús Martínez
Batting: RHB Irving Galloway 0-0: Ball
1-0: Called Strike
1-1: Foul Ball, location: 2F
1-2: Foul Ball, location: 2F
1-2: Strikes out swinging
Batting: LHB Daniel Carter 0-0: Called Strike
0-1: Foul Ball, location: 2F
0-2: Ball
1-2: Ball
2-2: Ball
3-2: Foul Ball, location: 2F
3-2: Foul Ball, location: 2F
3-2: Strikes out swinging
Batting: RHB Joel Carlson 0-0: Reached on error, E5 (Groundball, 5)
Batting: RHB Ramón Zamora 0-0: Called Strike
0-1: Ball
1-1: Ball
2-1: Ball
3-1: Base on Balls
Joel Carlson to second
Batting: RHB Ramiro Chávez 0-0: Swinging Strike
0-1: Ball
1-1: Ball
2-1: Fielders Choice at 2nd, 6-4 (Groundball, 6)
Bottom of the 1st over - 0 run(s), 0 hit(s), 1 error(s), 1 left on base; Lee's Summit 0 - Columbia 0
TOP OF THE 2ND
Lee's Summit Tigers batting - Pitching for Columbia 08s : RHP Brad White
Batting: LHB Alfredo Sánchez 0-0: Called Strike
0-1: Ball
1-1: Ground out 4-3 (Groundball, 4M)
Batting: SHB Shane Hutchinson 0-0: Ball
1-0: Foul Ball, location: 2F
1-1: Foul Ball, location: 2F
1-2: Fly out, F8 (Flyball, 8LS)
Batting: LHB Bill Frazier 0-0: Foul Ball, location: 2F
0-1: Ball
1-1: Foul Ball, location: 2F
1-2: Strikes out swinging
Top of the 2nd over - 0 run(s), 0 hit(s), 0 error(s), 0 left on base; Lee's Summit 0 - Columbia 0
BOTTOM OF THE 2ND
Columbia 08s batting - Pitching for Lee's Summit Tigers : LHP Jesús Martínez
Batting: RHB José Orozco 0-0: Called Strike
0-1: Foul Ball, location: 2F
0-2: Strikes out looking
Batting: SHB William Hamilton 0-0: Called Strike
0-1: Ball
1-1: Ground out 5-3 (Groundball, 5L)
Batting: RHB Pat Fernández 0-0: Called Strike
0-1: Called Strike
0-2: Ball
1-2: Strikes out swinging
Bottom of the 2nd over - 0 run(s), 0 hit(s), 0 error(s), 0 left on base; Lee's Summit 0 - Columbia 0
TOP OF THE 3RD
Lee's Summit Tigers batting - Pitching for Columbia 08s : RHP Brad White
Batting: RHB Flint Todd 0-0: Foul Ball, location: 2F
0-1: DOUBLE (Line Drive, 7LM)
Batting: LHB José López 0-0: Ball
1-0: Swinging Strike
1-1: Ball
2-1: Swinging Strike
2-2: Ball
3-2: Reached on Error, E6 (Popup, 6D)
Flint Todd to third
Batting: RHB Doug Delaney 0-0: Swinging Strike
0-1: Ball
1-1: Foul Ball, location: 2F
1-2: Strikes out swinging
Batting: SHB Juan Glaviz 0-0: Ball
José López is caught stealing 2nd base
1-0: Ball
2-0: 2-RUN HOME RUN (Flyball, 9D), Distance : 372 ft
Batting: RHB Carlos Flores 0-0: Ball
1-0: Foul Ball, location: 2F
1-1: Foul Ball, location: 2F
1-2: Fly out, F6 (Popup, 6M)
Top of the 3rd over - 2 run(s), 2 hit(s), 1 error(s), 0 left on base; Lee's Summit 2 - Columbia 0
BOTTOM OF THE 3RD
Columbia 08s batting - Pitching for Lee's Summit Tigers : LHP Jesús Martínez
Batting: RHB António Cruz 0-0: Ball
1-0: Fly out, F9 (Popup, 89S)
Batting: RHB Irving Galloway 0-0: Swinging Strike
0-1: Ground out 4-3 (Groundball, 34)
Batting: LHB Daniel Carter 0-0: Ground out 3-1 (Groundball, 34S)
Bottom of the 3rd over - 0 run(s), 0 hit(s), 0 error(s), 0 left on base; Lee's Summit 2 - Columbia 0
TOP OF THE 4TH
Lee's Summit Tigers batting - Pitching for Columbia 08s : RHP Brad White
Batting: RHB Ed Watkins 0-0: Ball
1-0: Ball
2-0: Called Strike
2-1: Fly out, F8 (Flyball, 8LM)
Batting: LHB Alfredo Sánchez 0-0: Ball
1-0: Ball
2-0: Ball
3-0: Base on Balls
Batting: SHB Shane Hutchinson 0-0: Foul Ball, location: 2F
0-1: Swinging Strike
0-2: DOUBLE (Line Drive, 9LS)
Alfredo Sánchez to third
Batting: LHB Bill Frazier 0-0: Swinging Strike
0-1: Ball
1-1: Ball
2-1: SINGLE (Groundball, 4MD)
Alfredo Sánchez scores
Shane Hutchinson to third
Runner from 3rd tries for Home, SAFE, no throw or cutoff
Batting: RHB Flint Todd 0-0: Called Strike
0-1: Called Strike
0-2: Ball
1-2: Ball
2-2: Ball
3-2: Base on Balls
Bill Frazier to second
Batting: LHB José López 0-0: Ball
1-0: Grounds into double play, 4-6-3 (Groundball, 4)
Top of the 4th over - 2 run(s), 2 hit(s), 0 error(s), 1 left on base; Lee's Summit 4 - Columbia 0
BOTTOM OF THE 4TH
Columbia 08s batting - Pitching for Lee's Summit Tigers : LHP Jesús Martínez
Batting: RHB Joel Carlson 0-0: Swinging Strike
0-1: Fly out, F3 (Popup, 3F)
Batting: RHB Ramón Zamora 0-0: Swinging Strike
0-1: Ball
1-1: Foul Ball, location: 2F
1-2: Hit by Pitch
Batting: RHB Ramiro Chávez 0-0: Called Strike
0-1: Ball
1-1: Ball
2-1: Foul Ball, location: 2F
2-2: Foul Ball, location: 2F
2-2: Ball
3-2: Strikes out swinging
Ramón Zamora is caught stealing 2nd base
Batter strikes out.
Bottom of the 4th over - 0 run(s), 0 hit(s), 0 error(s), 0 left on base; Lee's Summit 4 - Columbia 0
TOP OF THE 5TH
Lee's Summit Tigers batting - Pitching for Columbia 08s : RHP Brad White
Batting: RHB Doug Delaney 0-0: Ball
1-0: Swinging Strike
1-1: Fly out, F8 (Flyball, 8RM)
Batting: SHB Juan Glaviz 0-0: Swinging Strike
0-1: Foul Ball, location: 2F
0-2: Ball
1-2: Strikes out swinging
Batting: RHB Carlos Flores 0-0: Ball
1-0: Ball
2-0: Called Strike
2-1: Swinging Strike
2-2: Foul Ball, location: 2F
2-2: Foul Ball, location: 2F
2-2: Ball
3-2: Strikes out swinging
Top of the 5th over - 0 run(s), 0 hit(s), 0 error(s), 0 left on base; Lee's Summit 4 - Columbia 0
BOTTOM OF THE 5TH
Columbia 08s batting - Pitching for Lee's Summit Tigers : LHP Jesús Martínez
Batting: RHB José Orozco 0-0: Fly out, F7 (Flyball, 7M)
Batting: SHB William Hamilton 0-0: Foul Ball, location: 2F
0-1: Ball
1-1: Swinging Strike
1-2: Strikes out swinging
Batting: RHB Pat Fernández 0-0: Called Strike
0-1: Ball
1-1: Swinging Strike
1-2: Ball
2-2: Strikes out swinging
Bottom of the 5th over - 0 run(s), 0 hit(s), 0 error(s), 0 left on base; Lee's Summit 4 - Columbia 0
TOP OF THE 6TH
Lee's Summit Tigers batting - Pitching for Columbia 08s : RHP Brad White
Batting: RHB Ed Watkins 0-0: Fly out, F8 (Flyball, 8RXD)
Batting: LHB Alfredo Sánchez 0-0: Ball
1-0: Foul Ball, location: 2F
1-1: Ball
2-1: Foul Ball, location: 2F
2-2: Foul Ball, location: 2F
2-2: Ball
3-2: Foul Ball, location: 2F
3-2: Foul Ball, location: 2F
3-2: Ground out U3 (Groundball, 3)
Batting: SHB Shane Hutchinson 0-0: Ball
1-0: SINGLE (Line Drive, 7LS)
Pitching: LHP Dwight Livingston
Batting: LHB Bill Frazier 0-0: Foul Ball, location: 2F
0-1: Reached on error, E3 (Groundball, 3)
Shane Hutchinson to second
Batting: RHB Flint Todd 0-0: Ball
1-0: Called Strike
1-1: Ball
2-1: Ground out 5-3 (Groundball, 56)
Top of the 6th over - 0 run(s), 1 hit(s), 1 error(s), 2 left on base; Lee's Summit 4 - Columbia 0
BOTTOM OF THE 6TH
Columbia 08s batting - Pitching for Lee's Summit Tigers : LHP Jesús Martínez
Batting: RHB António Cruz 0-0: Ball
1-0: Ball
2-0: Foul Ball, location: 2F
2-1: Called Strike
2-2: Strikes out looking
Batting: RHB Irving Galloway 0-0: Fly out, F7 (Flyball, 78M)
Batting: LHB Daniel Carter 0-0: Called Strike
0-1: Foul Ball, location: 2F
0-2: Ball
1-2: Strikes out swinging
Bottom of the 6th over - 0 run(s), 0 hit(s), 0 error(s), 0 left on base; Lee's Summit 4 - Columbia 0
TOP OF THE 7TH
Lee's Summit Tigers batting - Pitching for Columbia 08s : LHP Dwight Livingston
Batting: LHB José López 0-0: Foul Ball, location: 2F
0-1: Ball
1-1: Ball
2-1: Foul Ball, location: 2F
2-2: Ball
3-2: Strikes out swinging
Batting: RHB Doug Delaney 0-0: Ball
1-0: Ball
2-0: Called Strike
2-1: SINGLE (Groundball, 6MD)
Batting: SHB Juan Glaviz Reached via error on a dropped throw, E3
Doug Delaney to second
Batting: RHB Carlos Flores 0-0: Swinging Strike
0-1: Swinging Strike
0-2: Ball
1-2: Foul Ball, location: 2F
1-2: Strikes out swinging
Batting: RHB Ed Watkins 0-0: Ball
1-0: Ball
2-0: Swinging Strike
2-1: Ball
3-1: SINGLE (Line Drive, 56D)
Doug Delaney to third
Juan Glaviz to second
Batting: LHB Alfredo Sánchez 0-0: Swinging Strike
0-1: Ball
1-1: Foul Ball, location: 2F
1-2: Ball
2-2: Strikes out looking
Top of the 7th over - 0 run(s), 2 hit(s), 1 error(s), 3 left on base; Lee's Summit 4 - Columbia 0
BOTTOM OF THE 7TH
Columbia 08s batting - Pitching for Lee's Summit Tigers : LHP Jesús Martínez
Batting: RHB Joel Carlson 0-0: Ball
1-0: Ball
2-0: Ground out 6-3 (Groundball, 6M)
Batting: RHB Ramón Zamora 0-0: Swinging Strike
0-1: Ball
1-1: Foul Ball, location: 2F
1-2: Foul Ball, location: 2F
1-2: Foul Ball, location: 2F
1-2: SINGLE (Groundball, 6M)
Batting: RHB Ramiro Chávez 0-0: Ball
1-0: Grounds into double play, 4-6-3 (Groundball, 4M)
Bottom of the 7th over - 0 run(s), 1 hit(s), 0 error(s), 0 left on base; Lee's Summit 4 - Columbia 0
TOP OF THE 8TH
Lee's Summit Tigers batting - Pitching for Columbia 08s : LHP Dwight Livingston
Batting: SHB Shane Hutchinson 0-0: Ball
1-0: Foul Ball, location: 2F
1-1: Foul Ball, location: 2F
1-2: Ball
2-2: Ball
3-2: Base on Balls
Batting: LHB Bill Frazier 0-0: Called Strike
0-1: Foul Ball, location: 2F
0-2: Ball
1-2: Strikes out swinging
Batting: RHB Flint Todd 0-0: Called Strike
0-1: Ball
1-1: Swinging Strike
1-2: Ball
2-2: Strikes out looking
Batting: LHB José López 0-0: Ball
1-0: Called Strike
1-1: Ball
2-1: Called Strike
2-2: Ball
3-2: Base on Balls
Shane Hutchinson to second
Pitching: RHP Danny Johnston
Batting: RHB Doug Delaney 0-0: Ball
1-0: Ball
2-0: Called Strike
2-1: Ball
3-1: Called Strike
3-2: Base on Balls
Shane Hutchinson to third
José López to second
Batting: SHB Juan Glaviz 0-0: Called Strike
0-1: Ball
1-1: Swinging Strike
1-2: Foul Ball, location: 2F
1-2: Strikes out swinging
Top of the 8th over - 0 run(s), 0 hit(s), 0 error(s), 3 left on base; Lee's Summit 4 - Columbia 0
BOTTOM OF THE 8TH
Columbia 08s batting - Pitching for Lee's Summit Tigers : LHP Jesús Martínez
Batting: RHB José Orozco 0-0: Ball
1-0: Called Strike
1-1: Swinging Strike
1-2: Ball
2-2: Foul Ball, location: 2F
2-2: Strikes out swinging
Pitching: RHP José Vargas
Batting: SHB William Hamilton 0-0: Ball
1-0: Ground out 5-3 (Groundball, 15S)
Batting: RHB Pat Fernández 0-0: Ground out 6-3 (Groundball, 6M)
Bottom of the 8th over - 0 run(s), 0 hit(s), 0 error(s), 0 left on base; Lee's Summit 4 - Columbia 0
TOP OF THE 9TH
Lee's Summit Tigers batting - Pitching for Columbia 08s : RHP Danny Johnston
Batting: RHB Carlos Flores 0-0: Swinging Strike
0-1: Swinging Strike
0-2: Ball
1-2: Strikes out looking
Batting: RHB Ed Watkins 0-0: Ball
1-0: Called Strike
1-1: Foul Ball, location: 2F
1-2: Ball
2-2: Foul Ball, location: 2F
2-2: Ball
3-2: Base on Balls
Batting: LHB Alfredo Sánchez 0-0: Called Strike
0-1: Foul Ball, location: 2F
0-2: Strikes out swinging
Batting: SHB Shane Hutchinson 0-0: Called Strike
0-1: Ground out 5-3 (Groundball, 5S)
Top of the 9th over - 0 run(s), 0 hit(s), 0 error(s), 1 left on base; Lee's Summit 4 - Columbia 0
BOTTOM OF THE 9TH
Columbia 08s batting - Pitching for Lee's Summit Tigers : RHP José Vargas
Batting: RHB António Cruz 0-0: Called Strike
0-1: Foul Ball, location: 2F
0-2: Ball
1-2: Strikes out looking
Batting: RHB Irving Galloway 0-0: Called Strike
0-1: Ball
1-1: Ball
2-1: Ball
3-1: Foul Ball, location: 2F
3-2: Strikes out looking
Batting: LHB Daniel Carter 0-0: Called Strike
0-1: Ground out 4-3 (Groundball, 34)
Bottom of the 9th over - 0 run(s), 0 hit(s), 0 error(s), 0 left on base; Lee's Summit 4 - Columbia 0
This league is powered by Out of the Park Baseball, the baseball management simulation game for PC, Mac and Linux
Saturday, April 9th, 2016 - OOTP Baseball 16.8 Build 38